 Dungeon Crawl Stone Soup version 0.31-a0-83-gbff143cfd1 (webtiles) character file.

Game seed: 17956601896752455454

9 Esekla the Sneak (level 2, 21/21 HPs)
             Began as an Octopode Delver on May 24, 2023.
             Quit the game in the Ecumenical Temple.
             The game lasted 00:02:08 (289 turns).

Esekla the Sneak (Octopode Delver)                   Turns: 289, Time: 00:02:09

Health: 21/21      AC:  1    Str: 11    XL:     2   Next: 12%
Magic:  2/2        EV: 13    Int: 12    God:
Gold:   18         SH:  0    Dex: 13    Spells: 1/1 levels left

rFire   . . .        a - +0 falchion
rCold   . . .        (no shield)
rNeg    . . .        (helmet restricted)
rPois   .            (no amulet)
rElec   .            (no ring)
rCorr   .            (no ring)
SInv    .            (no ring)
Will    .....        (no ring)
Stlth   ++++         (no ring)
HPRegen 0.23/turn    (no ring)
MPRegen 0.08/turn    (no ring)
                     (no ring)

%: no passive effects
@: no status effects
A: almost no armour, amphibious, 8 rings, camouflage 1, gelatinous body 1,
(nimble swimmer 1), tentacles
a: no special abilities


You were in the Ecumenical Temple.
You visited 2 branches of the dungeon, and saw 2 of its levels.

You collected 18 gold pieces.

Inventory:

Hand Weapons
 a - a +0 falchion (weapon)
Wands
 f - a wand of digging (3)
Scrolls
 b - a scroll of fog
 c - a scroll of teleportation {unknown}
 d - a scroll of fear
 g - a scroll of immolation {unknown}
Potions
 e - a potion of haste


   Skills:
 * Level 3.0 Fighting
 * Level 2.1 Long Blades
 * Level 2.1 Dodging
 + Level 6.8 Stealth
 * Level 0.2 Spellcasting
 * Level 0.3 Necromancy


You had one spell level left.
You didn't know any spells.
Your spell library was empty.

Dungeon Overview and Level Annotations

Branches:
Dungeon (5/15)             Temple (1/1) D:5

Altars:
Ashenzari
Cheibriados
Elyvilon
Fedhas
Hepliaklqana
Makhleb
Nemelex Xobeh
Qazlal
Ru
Sif Muna
Trog
Vehumet
Wu Jian
Xom
Zin
The Shining One


Innate Abilities, Weirdness & Mutations

You cannot wear most types of armour.
You are amphibious.
You can wear up to eight rings at the same time.
Your skin changes colour to match your surroundings (Stealth+).
Your rubbery body absorbs attacks. (AC +1, EV +1)
((You are camouflaged when in or above water. (Stealth+)))
You have tentacles for arms and can constrict up to eight enemies at once.


Message History

The adder is almost dead.
You constrict the adder.
You kill the adder!
You have reached level 2!
Found 7 gold pieces.
You now have 7 gold pieces.
Found a scale mail.
Found a stone staircase leading up.
Found a scroll labelled QYCZYC OMODAQ.
Found a stone staircase leading up.
Found 11 gold pieces.
An orc comes into view. It is wielding a +0 hand axe.
Found 4 stones.
Found an escape hatch in the ceiling.
You see here 11 gold pieces.
You now have 18 gold pieces (gained 11).
You see here a scroll labelled QYCZYC OMODAQ.
c - a scroll labelled QYCZYC OMODAQ
There is a stone staircase leading up here.
Found an escape hatch in the floor.
Found a robe.
There is a staircase to the Ecumenical Temple here.
You climb downwards.
Welcome to the Ecumenical Temple!
There is a staircase back to the Dungeon here.
Found a sparkling altar of Nemelex Xobeh.
Found two altars.
Found a shimmering blue altar of Sif Muna.
Found a radiant altar of Vehumet.
Found two altars.
Found a hazy altar of Hepliaklqana.
Found a blossoming altar of Fedhas.
Found a burning altar of Makhleb and a sacrificial altar of Ru.
Found a snail-covered altar of Cheibriados.
Found a broken altar of Ashenzari.
Found a stormy altar of Qazlal and a bloodstained altar of Trog.
Found a shimmering altar of Xom.
Done exploring.
Done exploring.
Search for what [? for help]?
Gozag Can't find anything matching that.
Are you sure you want to abandon this character and quit the game? (Confirm with "yes".)

# ##### ########## ....###
###........### ......###
###............### ##......###
###.......###......#
..##......####......#.#...##....#
....#...........@......._...#...#
....#...............#.#.....#...#
.....#.............#.........#..#
<....#.....#.#.....#._....._.#..#
.....#..#.#...##...#.........#..#
....#......._...#...#.....#.#...#
....#...#.8.....#...#..._.......#
..##...#....#....#...##...#.#...#
##......._.#.#._.......###......#


There were no monsters in sight!

Vanquished Creatures
  An adder (D:5)
1 creature vanquished.

Notes
Turn   | Place    | Note
-------+----------+-------------------------------------------
     0 | D:5      | Esekla the Octopode Delver began the quest for the Orb.
     0 | D:5      | Reached XP level 1. HP: 16/16 MP: 1/1
    28 | D:5      | Noticed an ogre
    28 | D:5      | Noticed a hound
    32 | D:5      | Found a staircase to the Ecumenical Temple.
    36 | D:5      | Noticed a howler monkey
    52 | D:5      | Reached XP level 2. HP: 19/21 MP: 2/2
   159 | Temple   | Entered the Ecumenical Temple
   289 | Temple   | Quit the game

Illustrated notes

Levels and vault maps discovered:
D:5:      minmay_evil_eye, layout_loops_ring, minmay_temple_entry_ruins,
          kennysheep_doodads
Temple:   regret_index_temple_sphere_string

Action                     || total
---------------------------++-------
  Melee: Falchion          ||     3
         Constrict         ||     1
         Tentacles         ||     1
    Use: Scroll            ||     1
  Dodge: Dodged            ||     2

Table legend: (Time is in decaauts)
 A = Elapsed time spent in this place.
 B = Non-inter-level travel time spent in this place.
 C = Inter-level travel time spent in this place.
 D = Time resting spent in this place.
 E = Time spent auto-exploring this place.
 F = Levels seen in this place.
 G = Mean time per level.
                   A        B        C        D        E       F      G
               +--------+--------+--------+--------+--------+-----+--------+
         Total |    289 |    289 |      0 |      0 |    117 |   2 |  144.5 |
       Dungeon |    159 |    159 |      0 |      0 |      0 |   1 |  159.0 |
        Temple |    129 |    129 |      0 |      0 |    117 |   1 |  129.0 |
               +--------+--------+--------+--------+--------+-----+--------+

Top non-repeatable levels by time:
     D:5: 159 daAuts
  Temple: 129 daAuts
